 Dungeon Crawl Stone Soup version 0.31-a0-819-gf6de2f5ab6 (webtiles) character file.

Game seed: 14138943543182575969

559 rjrrt the Cleaver (level 7, -17/85 HPs)
             Began as a Minotaur Berserker on Sept 24, 2023.
             Was an Elder of Trog.
             Demolished by a gargoyle
             ... wielding a +0 flail
              (25 damage)
             ... in a bailey.
             The game lasted 00:06:26 (2985 turns).

rjrrt the Cleaver (Minotaur Berserker)              Turns: 2985, Time: 00:06:26

Health: -17/85     AC:  5    Str: 23    XL:     7   Next: 9%
Magic:  0/6        EV: 10    Int:  4    God:    Trog [****..]
Gold:   147        SH:  8    Dex: 10    Spells: 6/6 levels left

rFire   . . .        a - +1 hand axe
rCold   . . .        i - +0 kite shield
rNeg    . . .        h - +0 troll leather armour {Pargi}
rPois   .            (helmet restricted)
rElec   .            o - +0 cloak
rCorr   .            e - +0 pair of gloves
SInv    .            (no boots)
Will    .....        b - amulet of guardian spirit Stlth
                     (no ring)
HPRegen 1.14/turn    (no ring)
MPRegen 0.10/turn

%: guardian spirit
@: berserking, very quick
A: horns 2, retaliatory headbutt
a: Renounce Religion, Berserk, Trog's Hand, Brothers in Arms


You were in a bailey.
You worshipped Trog.
Trog was greatly pleased with you.
You visited 1 branch of the dungeon, and saw 5 of its levels.
You also visited: Bailey.

You collected 147 gold pieces.

Inventory:

Hand Weapons
 a - a +1 hand axe (weapon)
 p - a +3 spear
Missiles
 m - a throwing net
Armour
 e - a +0 pair of gloves (worn)
 h - a +0 troll leather armour (worn) {Pargi}
 i - a +0 kite shield (worn)
 o - a +0 cloak (worn)
Jewellery
 b - an amulet of guardian spirit (around neck)
 c - a ring of fire
Wands
 n - a wand of mindburst (16)
Potions
 d - a potion of degeneration {unknown}
 f - 2 potions of resistance
 j - a potion of berserk rage {unknown}
 k - a potion of curing {unknown}
 l - a potion of might {unknown}


   Skills:
 - Level 3.6 Fighting
 + Level 8.8 Axes
 - Level 2.4 Armour
 - Level 2.1 Dodging
 * Level 4.0 Shields


You had 6 spell levels left.
You didn't know any spells.
Your spell library was empty.

Dungeon Overview and Level Annotations

Branches:
Dungeon (7/15)             Temple (0/1) D:4          Bailey (1/1)

Altars:
Ashenzari
Sif Muna
Trog


Innate Abilities, Weirdness & Mutations

You have a pair of horns on your head.
You reflexively headbutt those who attack you in melee.


Message History

You slash the orc zombie!
The orc zombie is almost destroyed.
The orc zombie hits you with a +0 spear.
You hit the orc zombie.
You destroy the orc zombie!
Trog accepts your kill.
A gargoyle comes into view. It is wielding a +0 flail.
An orc warrior zombie comes into view. It is wielding a +0 halberd.
The gargoyle hurls a stone arrow at you.
You block the stone arrow.
The gargoyle hurls a stone arrow at you.
The stone arrow hits you!
You barely miss the gargoyle.
You headbutt the gargoyle, but do no damage.
The gargoyle hits you with a +0 flail!!
You hit the gargoyle but do no damage.
The gargoyle hurls a stone arrow at you.
The stone arrow hits you!
* * * LOW HITPOINT WARNING * * *
Unknown command.
A red film seems to cover your vision as you go berserk!
You feel yourself moving faster!
You feel mighty!
The gargoyle hurls a stone arrow at you.
The stone arrow misses you.
The orc warrior zombie barely misses you.
You hit the gargoyle but do no damage. You block the gargoyle's attack.
Unknown command.
You hit the gargoyle.
The gargoyle is lightly damaged.
The orc warrior zombie hits you from afar with a +0 halberd!
* * * LOW HITPOINT WARNING * * *
Unknown command.
You slash the gargoyle! You headbutt the gargoyle.
The gargoyle is heavily damaged.
You block the gargoyle's attack.
You hit the gargoyle but do no damage.
The gargoyle is heavily damaged.
You block the orc warrior zombie's attack.
The gargoyle hits you with a +0 flail!!
You die...

♣≈≈ ♣≈≈## #########≈≈.##
#### #.......#≈≈..####
....##+#.......#≈≈..#..##
...............#≈≈......#
...♣......#########...∩.#
.♣............))........#
...♣..........Z9@.......#
.♣.......)#########...∩.#
...........# #.≈≈......#
...........+ #.≈≈..#..##
....♣♣.....# #.≈≈..####
.... ♣.....# #.≈≈.##
.........♣.# #.≈≈##
#####..♣...# #.≈≈
#......# #.≈≈


You could see a gargoyle and an orc warrior zombie.

Vanquished Creatures
  A steam dragon (D:7)
  Pargi (D:3)
  A hound (D:4)
  Crazy Yiuf (D:4)
  Terence (D:3)
  Robin (D:3)
  4 gnolls (D:4)
  7 adders
  A white imp (D:7)
  An ufetubus (D:4)
  2 worms (D:2)
  3 dart slugs
  An orc (D:3)
  5 bats
  14 endoplasms
  8 giant cockroaches
  23 goblins
  12 hobgoblins
  2 jackals (D:4)
  7 quokkas
  4 ball pythons
  3 frilled lizards
  10 kobolds
  3 orc zombies (Bailey)
  8 rats
124 creatures vanquished.

Vanquished Creatures (others)
  A kobold (D:4)
1 creature vanquished.

Grand Total: 125 creatures vanquished

Notes
Turn   | Place    | Note
-------+----------+-------------------------------------------
     0 | D:1      | rjrrt the Minotaur Berserker began the quest for the Orb.
     0 | D:1      | Reached XP level 1. HP: 19/19 MP: 0/0
    47 | D:1      | Reached skill level 4 in Axes
   157 | D:1      | Reached XP level 2. HP: 14/26 MP: 1/1
   268 | D:1      | Reached skill level 5 in Axes
   317 | D:1      | Reached XP level 3. HP: 26/31 MP: 2/2
   370 | D:1      | Reached ** piety under Trog
   872 | D:2      | Found a broken altar of Ashenzari.
  1027 | D:2      | Reached XP level 4. HP: 39/39 MP: 3/3
  1038 | D:2      | Reached skill level 6 in Axes
  1505 | D:3      | Found a bloodstained altar of Trog.
  1539 | D:3      | Reached *** piety under Trog
  1691 | D:3      | Noticed Pargi
  1699 | D:3      | Killed Pargi
  1700 | D:3      | Reached skill level 7 in Axes
  1700 | D:3      | Reached XP level 5. HP: 45/45 MP: 4/4
  1733 | D:3      | Noticed Robin
  1747 | D:3      | Killed Robin
  1807 | D:3      | Reached skill level 8 in Axes
  1863 | D:3      | Found a shimmering blue altar of Sif Muna.
  1944 | D:3      | Noticed Terence
  1954 | D:3      | Killed Terence
  1955 | D:3      | Reached XP level 6. HP: 49/51 MP: 5/5
  2319 | D:4      | Reached skill level 1 in Shields
  2352 | D:4      | Identified the +0 robe of Impatience {Rampage Regen+ Int+4}
  2421 | D:4      | Found a runed translucent door.
  2422 | D:4      | Noticed Crazy Yiuf
  2429 | D:4      | Killed Crazy Yiuf
  2522 | D:4      | Found a staircase to the Ecumenical Temple.
  2807 | D:4      | You fall into a shaft and drop 3 floors!
  2816 | D:7      | Noticed a steam dragon
  2831 | D:7      | Killed a steam dragon
  2832 | D:7      | Reached XP level 7. HP: 53/57 MP: 6/6
  2843 | D:7      | Found a flagged portal.
  2847 | D:7      | Reached **** piety under Trog
  2861 | Bailey   | Entered a bailey
  2959 | Bailey   | Noticed a gargoyle
  2985 | Bailey   | Demolished by a gargoyle

Illustrated notes

Levels and vault maps discovered:
D:1:      lightli_molten_gateway, layout_basic, minmay_tall_x
D:2:      minmay_diamond_boxcup, layout_basic, basic_altar
D:3:      layout_basic, lemuel_blue_sif_altar, lemuel_doored_altar,
          grunt_ministairs_7, dk_noncrumbling_3, uniq_robin, uniq_pargi,
          uniq_terence
D:4:      layout_basic, minmay_temple_entry_sparse_star, lemuel_flame_loot_1,
          uniq_crazy_yiuf_cottage, uniq_pikel
D:7:      layout_cave_pools, kennysheep_mini, nzn_wu_jian_council_hall,
          gammafunk_temple_overflow_arena, enter_bailey_5
Bailey:   bailey_polearm_vampire_castle_hellmonk, bailey

Skill      XL: |  1  2  3  4  5  6  7 |
---------------+----------------------+-----
Axes           | 4 5 7 8 |  8.8
Shields        | 3 4 |  4.0
Fighting       | |  3.6
Armour         | |  2.4
Dodging        | |  2.1

Action                     |  1- 3 |  4- 6 |  7- 9 || total
---------------------------+-------+-------+-------++-------
  Melee: Hand axe          |    82 |   159 |    19 ||   260
         Headbutt          |     7 |    17 |     6 ||    30
         Punch             |     1 |       |       ||     1
 Invoke: Berserk           |     1 |     3 |     1 ||     5
    Use: Scroll            |     2 |     5 |       ||     7
 Armour: Scale mail        |    45 |    24 |       ||    69
         Animal skin       |     5 |       |       ||     5
         Troll leather arm |       |    62 |    11 ||    73
  Dodge: Dodged            |    39 |    90 |     7 ||   136
  Block: Kite shield       |       |    15 |    12 ||    27

Table legend: (Time is in decaauts)
 A = Elapsed time spent in this place.
 B = Non-inter-level travel time spent in this place.
 C = Inter-level travel time spent in this place.
 D = Time resting spent in this place.
 E = Time spent auto-exploring this place.
 F = Levels seen in this place.
 G = Mean time per level.
                   A        B        C        D        E       F      G
               +--------+--------+--------+--------+--------+-----+--------+
         Total |   3015 |   2954 |     61 |    149 |   1883 |   6 |  502.5 |
       Dungeon |   2892 |   2831 |     61 |    149 |   1883 |   5 |  578.4 |
        Bailey |    122 |    122 |      0 |      0 |      0 |   1 |  122.0 |
               +--------+--------+--------+--------+--------+-----+--------+

Top non-repeatable levels by time:
     D:1: 735 daAuts
     D:3: 728 daAuts
     D:2: 725 daAuts
     D:4: 649 daAuts
  Bailey: 122 daAuts
     D:7: 54 daAuts
